 Dungeon Crawl Stone Soup version 0.29.0-4-gdea44cf6ec (webtiles) character file.

Game seed: 3314433804705083451

704 qw the Chopper (level 7, -3/44 HPs)
             Began as a Gargoyle Fighter on Sept 6, 2022.
             Slain by a wight
             ... wielding a +0 flail
              (4 damage)
             ... on level 5 of the Dungeon.
             The game lasted 00:01:50 (4368 turns).

qw the Chopper (Gargoyle Fighter)                   Turns: 4368, Time: 00:01:50

Health: -3/44      AC: 15    Str: 21    XL:     7   Next: 67%
Magic:  7/7        EV:  7    Int:  9    God:
Gold:   172        SH:  4    Dex:  9    Spells: 6/6 levels left

rFire   . . .      SeeInvis .   Y - +0 war axe
rCold   . . .      Faith    .   c - +0 buckler
rNeg    + . .      Spirit   .   j - +0 chain mail
rPois   inf        Reflect  .   (no helmet)
rElec   +          Harm     .   (no cloak)
rCorr   +          Rampage  .   (no gloves)
Will    .....                   i - +0 pair of boots
Stlth   ..........              (no amulet)
HPRegen 0.14/turn               r - ring of resist corrosion
MPRegen 0.10/turn               (no ring)

@: no status effects
A: sickness immunity, AC +4, negative energy resistance 1, electricity
resistance, torment resistance 1, petrification resistance
a: no special abilities


You were on level 5 of the Dungeon.
You visited 1 branch of the dungeon, and saw 5 of its levels.

You collected 172 gold pieces.


Innate Abilities, Weirdness & Mutations

You are immune to sickness and miasma.
Your stone body is resilient. (AC +4)
You are immune to poison.
You resist negative energy. (rN+)
You are resistant to electric shocks. (rElec)
You are resistant to unholy torment.
You are immune to petrification.


   Skills:
 - Level 4.4 Fighting
 + Level 6.9 Axes
 - Level 1.3 Throwing
 - Level 3.2 Armour
 - Level 1.0 Dodging
 - Level 3.2 Shields


You had 6 spell levels left.
You didn't know any spells.
Your spell library was empty.

Inventory:

Hand Weapons
 q - a +1 hand axe of flaming
 Y - a +0 war axe (weapon)
Missiles
 k - 5 boomerangs
 m - a javelin (quivered)
Armour
 c - a +0 buckler (worn)
 i - a +0 pair of boots (worn)
 j - a +0 chain mail (worn)
Jewellery
 r - a ring of resist corrosion (left hand)
Scrolls
 a - 3 scrolls of blinking
 b - a scroll of teleportation
 s - a scroll of identify
Potions
 d - a potion of might
 e - a potion of mutation {unknown}
 f - a potion of experience {unknown}
 g - a potion of haste
 h - a potion of invisibility {unknown}
 l - a potion of curing
 n - a potion of attraction {unknown}
 o - a potion of magic {unknown}
 p - a potion of brilliance {unknown}

Dungeon Overview and Level Annotations

Branches:
Dungeon (5/15)
 Temple: D:4-7

Altars:
Hepliaklqana
Ru
Xom

Shops:
D:4 (


Message History

A wight comes into view. It is wielding a +2 vampiric falchion.
A wight comes into view. It is wielding a +0 mace.
The wight hits you with a +0 falchion.
The wight hits you from afar with a +7 halberd.
You slash the wight!
The wight is severely damaged.
The wight hits you but does no damage.
The wight hits you from afar with a +7 halberd.
The wight hits you from afar with a +7 halberd!
The wight hits you but does no damage.
You hit the wight but do no damage.
The wight is severely damaged.
You hit the wight but do no damage.
The wight hits you but does no damage. x2
The wight hits you from afar with a +7 halberd.
You hit the wight.
The wight is almost destroyed.
You barely miss the wight. The wight barely misses you.
The wight closely misses you.
You closely miss the wight.
The wight is almost destroyed.
You barely miss the wight. x2
The wight hits you but does no damage. The wight hits you with a +0 mace.
The wight hits you with a +0 falchion.
You slash the wight!
You destroy the wight!
You barely miss the wight. You hit the wight but do no damage.
The wight closely misses you. The wight hits you with a +0 mace.
You hit the wight but do no damage. You completely miss the wight.
You closely miss the wight.
The wight barely misses you. x2; You block the wight's attack.
You hit the wight.
The wight is moderately damaged.
You hit the wight. You closely miss the wight.
The wight hits you with a +2 vampiric falchion.
The wight barely misses you.
The wight hits you from afar with a +7 halberd.
The wight hits you with a +0 flail. The wight hits you with a +0 mace.
The wight hits you with a +0 flail.
You die...

.# .O # .#### ...
#.....# ....
####.##.##.....
#.###.##....)......
........# #)#
#.#.###(#
####.zz.z..#
#.)...@z####
#.####..#
####.####..#
#......##..#
#.....#.#.##..#
#.....#.#<###.#
#.... ..#.# #..
#.....###.# .#
#..).. #.#


You could see 4 wights.

Vanquished Creatures
  2 ogres
  A phantom (D:4)
  A necrophage (D:4)
  A wight (D:5)
  A howler monkey (D:4)
  3 jellies (D:3)
  2 hounds
  5 gnolls
  2 adders
  A worm (D:2)
  4 dart slugs
  2 orcs
  11 endoplasms
  6 giant cockroaches
  7 goblins
  12 hobgoblins
  An iguana (D:3)
  5 jackals (D:2)
  5 kobolds
  3 quokkas
  12 ball pythons
  3 bats
  A frilled lizard (D:1)
  7 rats
98 creatures vanquished.

Notes
Turn   | Place    | Note
-------+----------+-------------------------------------------
     0 | D:1      | qw the Gargoyle Fighter began the quest for the Orb.
     0 | D:1      | Reached XP level 1. HP: 14/14 MP: 1/1
     0 | D:1      | 0 ||| qw: Version: 0.1-a-108-g9e35731
     0 | D:1      | 0 ||| qw: Game counter: 6414
     0 | D:1      | 0 ||| qw: Always use a shield: true
     0 | D:1      | 0 ||| qw: God list: Okawaru
     0 | D:1      | 0 ||| qw: Allow faded altars: false
     0 | D:1      | 0 ||| qw: Do Orc after D:15 true
     0 | D:1      | 0 ||| qw: Do second Lair branch before Depths: true
     0 | D:1      | 0 ||| qw: Lair rune preference: random
     0 | D:1      | 0 ||| qw: Plans: Normal, Zot, God:TSO, Crypt, Tomb, Zig,
                  | Orb
     0 | D:1      | 0 ||| PLANNING D:1-11
    45 | D:1      | Reached skill level 2 in Axes
   534 | D:1      | 534 ||| Stepping ~*~*~tactically~*~*~ (stealth).
   537 | D:1      | 537 ||| Stepping ~*~*~tactically~*~*~ (stealth).
   545 | D:1      | Reached XP level 2. HP: 16/19 MP: 2/2
   587 | D:1      | Found a faded altar of an unknown god.
   626 | D:1      | 626 ||| Stepping ~*~*~tactically~*~*~ (stealth).
   773 | D:1      | Reached skill level 3 in Axes
   868 | D:1      | Reached XP level 3. HP: 23/23 MP: 3/3
  1053 | D:1      | 1053 ||| READING scroll labelled HUELEN WEIRRA.
  1054 | D:1      | 1054 ||| READING 2 scrolls labelled LEYCED GAYDUIK.
  1055 | D:1      | 1055 ||| READING scroll labelled TOODAY VEUPP.
  1058 | D:1      | 1058 ||| READING scroll labelled JIC DUIMAI.
  1059 | D:1      | 1059 ||| DROPPING scroll of noise.
  1116 | D:2      | 1116 ||| Stepping ~*~*~tactically~*~*~ (stealth).
  1124 | D:2      | 1124 ||| Stepping ~*~*~tactically~*~*~ (stealth).
  1125 | D:2      | 1125 ||| Stepping ~*~*~tactically~*~*~ (stealth).
  1518 | D:2      | 1518 ||| Stepping ~*~*~tactically~*~*~ (stealth).
  1525 | D:2      | 1525 ||| Stepping ~*~*~tactically~*~*~ (stealth).
  1551 | D:2      | 1551 ||| Stepping ~*~*~tactically~*~*~ (stealth).
  1552 | D:2      | 1552 ||| Stepping ~*~*~tactically~*~*~ (stealth).
  1621 | D:2      | 1621 ||| Stepping ~*~*~tactically~*~*~ (hiding).
  1632 | D:2      | Reached XP level 4. HP: 28/28 MP: 4/4
  1647 | D:2      | 1647 ||| DROPPING +0 club.
  1738 | D:2      | 1738 ||| Stepping ~*~*~tactically~*~*~ (stealth).
  1831 | D:2      | Reached skill level 4 in Axes
  1946 | D:2      | 1946 ||| UPGRADING to +0 chain mail.
  1956 | D:2      | 1956 ||| DROPPING +0 scale mail.
  1957 | D:2      | 1957 ||| DROPPING ring of magical power.
  1958 | D:2      | 1958 ||| READING scroll labelled PUSEHASONTU.
  1959 | D:2      | 1959 ||| DRINKING 2 amethyst potions.
  2021 | D:3      | 2021 ||| Stepping ~*~*~tactically~*~*~ (stealth).
  2026 | D:3      | 2026 ||| Stepping ~*~*~tactically~*~*~ (stealth).
  2027 | D:3      | 2027 ||| Stepping ~*~*~tactically~*~*~ (stealth).
  2028 | D:3      | 2028 ||| Stepping ~*~*~tactically~*~*~ (stealth).
  2107 | D:3      | 2107 ||| Stepping ~*~*~tactically~*~*~ (stealth).
  2248 | D:3      | Found a shimmering altar of Xom.
  2278 | D:3      | Reached XP level 5. HP: 32/32 MP: 5/5
  2353 | D:3      | Found a hazy altar of Hepliaklqana.
  2428 | D:3      | Found a sacrificial altar of Ru.
  2472 | D:3      | Reached skill level 1 in Throwing
  2851 | D:3      | 2851 ||| READING scroll labelled TYP XUIBOOXTO.
  2852 | D:3      | 2852 ||| DRINKING 2 sedimented clear potions.
  3022 | D:4      | Noticed an ogre
  3023 | D:4      | 3023 ||| Stepping ~*~*~tactically~*~*~ (hiding).
  3056 | D:4      | Reached skill level 5 in Axes
  3056 | D:4      | 3056 ||| Stepping ~*~*~tactically~*~*~ (stealth).
  3058 | D:4      | 3058 ||| Stepping ~*~*~tactically~*~*~ (stealth).
  3063 | D:4      | Killed an ogre
  3064 | D:4      | Reached XP level 6. HP: 21/39 MP: 6/6
  3073 | D:4      | 3073 ||| FLEEEEING.
  3076 | D:4      | 3076 ||| FLEEEEING.
  3077 | D:4      | 3077 ||| FLEEEEING.
  3078 | D:4      | 3078 ||| FLEEEEING.
  3079 | D:4      | 3079 ||| FLEEEEING.
  3080 | D:4      | 3080 ||| FLEEEEING.
  3083 | D:4      | 3083 ||| FLEEEEING.
  3084 | D:4      | 3084 ||| FLEEEEING.
  3085 | D:4      | 3085 ||| FLEEEEING.
  3086 | D:4      | 3086 ||| FLEEEEING.
  3087 | D:4      | 3087 ||| FLEEEEING.
  3088 | D:4      | 3088 ||| FLEEEEING.
  3168 | D:4      | 3168 ||| FLEEEEING.
  3363 | D:4      | 3363 ||| DROPPING +0 whip.
  3483 | D:4      | Reached skill level 6 in Axes
  3483 | D:4      | Reached XP level 7. HP: 37/44 MP: 7/7
  3648 | D:4      | 3648 ||| Stepping ~*~*~tactically~*~*~ (stealth).
  3651 | D:4      | Reached skill level 1 in Dodging
  3777 | D:4      | Found Ymu Ynar's Antique Weapon Shoppe.
  4078 | D:4      | 4078 ||| UPGRADING to +0 pair of boots.
  4083 | D:4      | 4083 ||| UPGRADING to ring of resist corrosion.
  4084 | D:4      | 4084 ||| READING scroll labelled ISCHOCSUHAZ.
  4105 | D:5      | Entered Level 5 of the Dungeon
  4144 | D:5      | 4144 ||| FLEEEEING.
  4148 | D:5      | 4148 ||| STAIRDANCE
  4286 | D:5      | 4286 ||| Stepping ~*~*~tactically~*~*~ (hiding).
  4299 | D:5      | 4299 ||| FLEEEEING.
  4348 | D:5      | 4348 ||| Stepping ~*~*~tactically~*~*~ (stealth).
  4368 | D:5      | HP: 11/44 [wight/+2 vampiric falchion (2)]
  4368 | D:5      | HP: 3/44 [wight/+0 flail (5)]
  4368 | D:5      | HP: 1/44 [wight/+0 mace (2)]
  4368 | D:5      | Slain by a wight

Levels and vault maps discovered:
D:1:      nicolae_arrival_somewhat_less_tricky_arrival, layout_loops_ring,
          hellmonk_ecumenical_altar_pennies_from_heaven, minivault_24,
          st_stairs_4
D:2:      layout_loops_cross, chequers_garden, patterned_corridor
D:3:      layout_rooms, mainiacjoe_overflow_tiny_flanked, dk_xom_monty_hall,
          nicolae_ru_the_path_less_chosen, st_stairs_9
D:4:      nicolae_cairo_tiling_large, layout_loops_ring, serial_shops, shop,
          minmay_circle_x
D:5:      layout_loops_cross, overflow_temple_1_default, trog_hazing_becter,
          nzn_wu_jian_council_hall, minmay_holes

Skill      XL: |  1  2  3  4  5  6  7 |
---------------+----------------------+-----
Axes           | 2 3 4 5 6 |  6.9
Throwing       | 1 |  1.3
Fighting       | 4 |  4.4
Dodging        | 1 |  1.0
Armour         | |  3.2
Shields        | |  3.2

Action                   |  1- 3 |  4- 6 |  7- 9 || total
-------------------------+-------+-------+-------++-------
Melee: War axe           |   123 |   126 |    32 ||   281
Throw: Javelin           |       |    11 |     7 ||    18
  Use: Scroll            |     4 |     2 |     1 ||     7
       Potion            |       |     2 |       ||     2
Armor: Scale mail        |    68 |     8 |       ||    76
       Chain mail        |       |    61 |    23 ||    84
Dodge: Dodged            |    43 |    43 |    13 ||    99
Block: Buckler           |    17 |    14 |     4 ||    35

Table legend:
 A = Non-vault XP
 B = Vault XP
 C = Vault XP percentage of total XP
 D = Non-vault monster count
 E = Vault monster count
 F = Vault count percentage of total count
                 A         B        C        D         E       F
            +---------+---------+-------+---------+---------+-------
      Total |     776 |     231 |  22.9 |      83 |      15 |  15.3
            +---------+---------+-------+---------+---------+-------
        D:1 |      33 |       5 |  13.2 |      19 |       3 |  13.6
        D:2 |      61 |       0 |   0.0 |      25 |       0 |   0.0
        D:3 |      65 |      96 |  59.6 |      13 |       5 |  27.8
        D:4 |     370 |     130 |  26.0 |      21 |       7 |  25.0
        D:5 |     247 |       0 |   0.0 |       5 |       0 |   0.0
            +---------+---------+-------+---------+---------+-------
